 BcadrenCrawl: Boulder Brew version 0.06-744-gf22570f5e0 (webtiles) character file.

Game seed: 8044265005909358984

8143 LabCoat the Cleaver (level 11, -5/128 HPs) Hill Orc Fighter. Began on Mar 8, 2023. Was an Elder of Okawaru. Splashed by a wraith's acid (6 damage) ... on level 6 of the Dungeon. The game lasted 00:54:22 (6980 turns).

LabCoat the Cleaver (Hill Orc Fighter)              Turns: 6980, Time: 00:54:24

Health: -5/128     AC: 25    Str: 31    XL:     11 ^: 6738
Magic:  14/14      EV: 11    Int:  8    God:    Okawaru [4* [113]]
Gold:   510        SH:  0    Dex: 10    Spells: 10/10 levels left

rFire    . . .     Slash    .   a - +2 battleaxe of the Foremost Seers {pain, rC+ Str+3}
rCold    + . .     Pierce   .   (also wielding the above weapon)
rNeg     . . .     Bludgeon .   K - +0 plate armour
rCorr    . . .     Vision   .   y - +0 helmet
rPois    .         Gourm    .   j - +2 cloak
rElec    .         Faith    .   Q - +1 pair of clawed gauntlets (protect)
MR       .....     Spirit   .   S - +2 pair of boots
HPRegen  0.52/turn Reflect  .   x - amulet of the acrobat
MPRegen  0.24/turn Harm     .   k - ring of protection
Stlth    ..........             w - ring of strength

@: corroded
A: soft flesh
a: Heroism, Renounce Religion


You were on level 6 of the Dungeon.
You worshipped Okawaru.
Okawaru was greatly pleased with you.
You were not hungry.

You visited 2 branches of the dungeon, and saw 7 of its levels.

You collected 510 gold pieces.

Inventory:

Weapons
 a - the +2 battleaxe of the Foremost Seers (weapon) {pain, rC+ Str+3}
   (You acquired it on level 3 of the Dungeon)

   In the hands of one skilled in necromantic magic, it inflicts extra damage on
   living creatures.
   It affects your strength (+3).
   It protects you from cold.
 b - a +0 hand crossbow of freezing
 E - a +2 broad axe of pain
 M - a +0 spear of venom Shields
 c - a +0 heater shield
Armour
 j - a +2 cloak (worn)
 y - a +0 helmet (worn)
 K - a +0 plate armour (worn)
 Q - a +1 pair of clawed gauntlets of protection (worn)
 S - a +2 pair of boots (worn)
Jewellery
 k - a ring of protection (left claw)
 p - an uncursed ring of resist corrosion
 q - an uncursed ring of magical power
 t - a cursed amulet of rage {(Curse: MR-)}
 v - a cursed ring of fire {(Curse: Dex-4)}
 w - a ring of strength (right claw)
 x - an amulet of the acrobat (around neck)
 B - an uncursed ring of evasion
 F - an uncursed ring of slaying
 L - a cursed ring of ice {(Curse: *Slow MR-)}
 R - an uncursed ring of protection
 T - an uncursed amulet of chaos
 U - an uncursed ring of positive energy
 X - a cursed ring of protection from magic {(Curse: -Vis)}
Wands
 r - a wand of flame (9)
 I - a wand of random effects (1)
 Y - a wand of enslavement (11)
Scrolls
 d - a scroll of immolation
 h - a scroll of fear
 i - 3 scrolls of fog
 n - 4 scrolls of teleportation
 o - a scroll of attention
 G - 2 scrolls of summoning
 P - a scroll of torment
 V - a scroll of enchantment
Potions
 e - a potion of invisibility
 l - 6 potions of brilliance
 m - 3 potions of cancellation
 A - a potion of agility
 C - 2 potions of ambrosia
 D - 6 potions of curing
 H - a potion of cure mutation
 J - 2 potions of lignification
 N - 3 potions of haste
 O - a potion of resistance
Comestibles
 f - 22 rations
 z - 13 chunks of flesh


   Skills:
 * Level 9.2 Fighting
 * Level 11.9 Axes & Hammers
 * Level 4.7 Crossbows
 * Level 8.1 Armour
 + Level 3.3 Dodging
 + Level 6.6 Shields
 * Level 4.9 Invocations
 * Level 5.0 Evocations


You had 10 spell levels left.
You didn't know any spells.
Your spell library was empty.

Dungeon Overview and Level Annotations

Branches:
Dungeon (6/8)              Temple (1/1) D:4            Lair (0/6) D:5
    Orc: D:6

Altars:
Ashenzari
Beogh
Dithmenos
Elyvilon
Fedhas Madash
Gozag Ym Sagoz
Hepliaklqana
Kikubaaqudgha
Makhleb
Nemelex Xobeh
Okawaru
Qazlal
Ru
Sif Muna
Trog
Uskayaw
Vehumet
Wu Jian
Xom
Yredelemnul
Zin
The Shining One


Innate Abilities, Weirdness & Mutations

((Your soft flesh is weak to deep cuts.
Heavy manmade armour will nullify this weakness. (rSlashing-)))


Message History

The gargoyle hurls a stone arrow at you.
The stone arrow hits you (12)!
* * * LOW HITPOINT WARNING * * *
Unknown command.
You hit the gargoyle but do no damage.
The gargoyle is almost destroyed. (2/24) HP You hit the wraith but do no damage.
The wraith zaps a wand.
The bolt of acid hits you (3).
* * * LOW HITPOINT WARNING * * *
You are splashed with acid (4).
* * * LOW HITPOINT WARNING * * *
The gargoyle hits you with a +0 mace (13)!
* * * LOW HITPOINT WARNING * * *
You hit the gargoyle but do no damage.
The gargoyle is almost destroyed. (2/24) HP You hit the wraith (4).
He resists.
The wraith zaps a wand.
The bolt of acid hits you (13)!
* * * LOW HITPOINT WARNING * * *
You are splashed with acid (6).
You die...

# ..
#...
##...#
###...#
###W9.#
##..@###
#....#
#....#
#....#
#....##
##....#
#....#
#....#
#....##


You could see a wraith and a gargoyle.

Vanquished Creatures
  A boulder beetle (D:5)
  2 unseen horrors (D:6)
  A two-headed ogre (D:6)
  Maggie (D:4)
  A troll (D:5)
  A tengu conjurer (D:5)
  A vampire (D:5)
  A steam dragon (D:6)
  A hippogriff (D:5)
  Grinder (D:3)
  A phantom (D:4)
  A necrophage (D:5)
  2 porcupines
  5 scorpions
  2 sky beasts
  2 black bears (D:5)
  3 ogres (D:4)
  A crocodile (D:6)
  3 big kobolds (D:2)
  7 killer bees
  4 wights (D:4)
  6 hounds
  A llaibwca (D:3)
  Prince Ribbit (D:3)
  5 orc priests
  11 jellies
  6 orc wizards
  Crazy Yiuf (D:3)
  Jessica (D:2)
  4 worker ants
  2 iguanas
  3 wyvern zombies
  2 wyvern skeletons (D:4)
  7 giant cockroaches
  4 gnolls (D:4)
  6 adders
  61 sewer rats
  6 worms (D:1)
  11 cinder newts
  8 oozes
  11 bullfrogs
  2 hound skeletons (D:5)
  3 dart slugs (D:1)
  7 leopard geckos
  22 orcs
  An adder skeleton (D:5)
  4 ball pythons (D:2)
  8 bats
  2 cinder newt skeletons (D:2)
  8 goblins
  6 hobgoblins
  4 quokkas
  A ball python skeleton (D:2)
  A bat skeleton (D:2)
  16 kobolds
  10 rats
  A rat skeleton (D:2)
  A butterfly (D:4)
  A fungus (D:5)
  7 plants (D:5)
  A slimehead (D:2)
  11 withered plants (D:2)
316 creatures vanquished.

Vanquished Creatures (others)
  A giant cockroach (D:2)
  5 sewer rats (D:2)
  A bullfrog (D:5)
  A leopard gecko (D:2)
  A bat skeleton (D:2)
  9 kobolds (D:2)
  A fungus (D:5)
  2 giant blowflies (D:2)
  2 plants (D:5)
  2 slimeheads (D:2)
  108 withered plants (D:2)
133 creatures vanquished.

Grand Total: 449 creatures vanquished

Notes
Turn   | Place    | Note
-------+----------+-------------------------------------------
     0 | D:1      | LabCoat the Hill Orc Fighter began the quest for the Orb.
     0 | D:1      | Reached XP level 1. HP: 29/29 MP: 1/1
    34 | D:1      | Reached XP level 2. HP: 39/39 MP: 2/2
    54 | D:1      | Reached XP level 3. HP: 11/49 MP: 3/3
   333 | D:1      | Reached skill level 3 in Axes & Hammers
   394 | D:1      | Reached XP level 4. HP: 37/59 MP: 4/4
   741 | D:1      | Reached skill level 5 in Fighting
   800 | D:1      | Reached XP level 5. HP: 69/69 MP: 5/5
  1071 | D:2      | Reached skill level 4 in Axes & Hammers
  1158 | D:2      | Reached skill level 5 in Axes & Hammers
  1161 | D:2      | Reached XP level 6. HP: 47/79 MP: 6/6
  1337 | D:2      | Reached skill level 6 in Axes & Hammers
  1354 | D:2      | Noticed Jessica
  1376 | D:2      | Killed Jessica
  1395 | D:2      | Reached skill level 1 in Dodging
  1422 | D:2      | Reached XP level 7. HP: 73/89 MP: 7/7
  1535 | D:2      | Reached skill level 7 in Axes & Hammers
  1766 | D:2      | Reached skill level 8 in Axes & Hammers
  1880 | D:2      | Reached XP level 8. HP: 84/99 MP: 8/8
  1938 | D:2      | Reached skill level 5 in Armour
  1979 | D:2      | Reached skill level 9 in Axes & Hammers
  2274 | D:2      | Found a glowing golden altar of the Shining One.
  3208 | D:3      | Reached skill level 5 in Shields
  3212 | D:3      | Reached skill level 10 in Axes & Hammers
  3326 | D:3      | Identified a scroll of acquirement
  3375 | D:3      | Noticed Prince Ribbit
  3386 | D:3      | Killed Prince Ribbit
  3457 | D:3      | Acquired the +2 battleaxe of the Foremost Seers {pain, rC+
                  | Str+3}
  3539 | D:3      | Reached XP level 9. HP: 108/108 MP: 9/9
  3580 | D:3      | Reached skill level 1 in Crossbows
  3580 | D:3      | Reached skill level 1 in Evocations
  3690 | D:3      | Noticed Grinder
  3700 | D:3      | Killed Grinder
  3912 | D:3      | Found a runed translucent door.
  3914 | D:3      | Noticed Crazy Yiuf
  3922 | D:3      | Killed Crazy Yiuf
  4017 | D:3      | Found an ornate altar of the Wu Jian Council.
  4453 | D:4      | Found the +10 Black Knight's horse barding {ponderous,
                  | rPois rN+}
  4672 | D:4      | Found a staircase to the Ecumenical Temple.
  4688 | Temple   | Entered the Ecumenical Temple
  4793 | Temple   | Became a worshipper of Warmaster Okawaru
  4840 | D:4      | Noticed Maggie
  4849 | D:4      | Killed Maggie
  5092 | D:4      | Reached skill level 11 in Axes & Hammers
  5095 | D:4      | Reached XP level 10. HP: 111/118 MP: 10/10
  5161 | D:4      | Reached skill level 1 in Invocations
  5535 | D:5      | Entered Level 5 of the Dungeon
  5540 | D:5      | Reached * piety under Okawaru
  5672 | D:5      | Noticed a boulder beetle
  5674 | D:5      | Found a staircase to the Lair.
  5689 | D:5      | Killed a boulder beetle
  5689 | D:5      | Reached ** piety under Okawaru
  6173 | D:5      | Reached *** piety under Okawaru
  6414 | D:5      | Found a shadowy altar of Dithmenos.
  6601 | D:6      | Noticed a two-headed ogre
  6605 | D:6      | Killed an unseen horror
  6605 | D:6      | Reached XP level 11. HP: 124/128 MP: 14/14
  6612 | D:6      | Killed a two-headed ogre
  6612 | D:6      | Reached **** piety under Okawaru
  6861 | D:6      | Killed an unseen horror
  6861 | D:6      | Reached skill level 5 in Evocations
  6980 | D:6      | HP: 1/128 [wraith/bolt of acid (13)]
  6980 | D:6      | Splashed by a wraith's acid

Illustrated notes

Levels and vault maps discovered:
D:1:      eino_arrival_cavern_b, layout_rooms, minmay_misc_feat_encased,
          minmay_pentomino_x4, lightli_sewer_entry_pipes
D:2:      layout_sewer, basic_altar, uniq_jessica
D:3:      layout_gridville, nicolae_overflow_hidden_temple, first_ration,
          uniq_grinder, uniq_crazy_yiuf_cottage, uniq_prince_ribbit1
D:4:      corexii_shantytown, layout_basic, uniq_maggie
D:5:      layout_long_grid, due_lair_maze_entry_diamond, grunt_tengu_nest,
          nicolae_dithmenos_the_darkroom
D:6:      layout_cave_pods, hiddenorc1_lemuel, serial_shops, kennysheep_mini,
          uniq_frances
Temple:   regret_index_temple_chain_breaker

Skill      XL: |  1  2  3  4  5  6  7  8  9 10 11 |
---------------+----------------------------------+-----
Fighting       | 4 5 6 7 8 9 |  9.2
Axes & Hammers | 3 5 6 8 10 11 | 11.9
Armour         | 4 5 6 7 8 |  8.1
Dodging        | 1 2 3 |  3.3
Shields        | 4 5 6 |  6.6
Crossbows      | 3 4 |  4.7
Evocations     | 3 4 5 |  5.0
Invocations    | 4 |  4.9

Action                   |  1- 3 |  4- 6 |  7- 9 | 10-12 || total
-------------------------+-------+-------+-------+-------++-------
Melee: War axe           |    35 |   115 |   223 |       ||   373
       Battleaxe         |       |       |   102 |   116 ||   218
 Fire: Hand crossbow     |       |       |    25 |    28 ||    53
Throw: Stone             |    13 |     6 |   102 |     1 ||   122
       Skull             |     7 |    15 |    70 |     1 ||    93
       Bone              |     6 |     4 |    56 |     1 ||    67
       Rusty metal       |     2 |     4 |    52 |       ||    58
  Use: Potion            |     1 |     1 |     2 |     2 ||     6
       Scroll            |     1 |       |     2 |     1 ||     4
  Eat: Ration            |       |     1 |       |       ||     1
       Chunk             |       |       |    11 |     6 ||    17
Armor: Scale mail        |    20 |    80 |    18 |       ||   118
       Chain mail        |       |       |   139 |       ||   139
       Plate armour      |       |       |    35 |   135 ||   170
Dodge: Dodged            |    11 |    20 |    68 |    41 ||   140
Block: Heater shield     |    16 |    54 |    82 |       ||   152
